 Dungeon Crawl Stone Soup version 0.31-a0-940-gdaa99269f9 (webtiles) character file.

Game seed: 17786185397956554102

29 protoss039 the Digger (level 3, 24/26 HPs)
             Began as a Demonspawn Earth Elementalist on Oct 21, 2023.
             Got out of the dungeon alive.
             The game lasted 00:01:28 (878 turns).

protoss039 the Digger (DsEE)                         Turns: 878, Time: 00:01:29

Health: 24/26      AC:  4    Str:  8    XL:     3   Next: 1%
Magic:  2/6        EV: 11    Int: 18    God:
Gold:   56         SH:  0    Dex: 13    Spells: 3/6 levels left

rFire   . . .        a - +0 dagger
rCold   . . .        (no shield)
rNeg    . . .        c - +0 leather armour
rPois   .            (no helmet)
rElec   .            (no cloak)
rCorr   .            (no gloves)
SInv    .            (no boots)
Will    .....        (no amulet)
Stlth   ++           (no ring)
HPRegen 0.24/turn    (no ring)
MPRegen 0.10/turn

%: no passive effects
@: no status effects
A: foul stench 1, sharp scales 1
a: no special abilities


You escaped.
You visited 1 branch of the dungeon, and saw 2 of its levels.

You collected 56 gold pieces.

Inventory:

Hand Weapons
 a - a +0 dagger (weapon)
 d - a +0 club
Armour
 c - a +0 leather armour (worn)
Potions
 b - 3 potions of magic
 e - a potion of lignification {unknown}


   Skills:
 + Level 1.4 Fighting
 - Level 1.7 Dodging
 - Level 1.7 Stealth
 + Level 2.4 Spellcasting
 - Level 0.8 Transmutations
 + Level 3.1 Earth Magic


You had 3 spell levels left.
You knew the following spells:

 Your Spells              Type           Power      Damage    Failure   Level
a - Sandblast             Erth           26%        2d8       7%          1
b - Passwall              Tmut/Erth      7%         N/A       17%         2

Your spell library contained the following spells:

 Spells                   Type           Power      Damage    Failure   Level
 Stone Arrow              Conj/Erth      14%        3d7       38%         3
 Petrify                  Tmut/Erth      9%         N/A       73%         4
 Animate Armour           Summ/Erth      14%        N/A       80%         4
 Brom's Barrelling Bould  Conj/Erth      7%         2d3       80%         4
 Lehudib's Crystal Spear  Conj/Erth      3%         10d3      100%        8


Dungeon Overview and Level Annotations

Branches:
Dungeon (2/15) Zot: 11107

Altars:


Innate Abilities, Weirdness & Mutations

You may rarely emit foul miasma when damaged in melee.
You are partially covered in razor-sharp scales. (AC +1, Slay +1)


Message History

You miscast Sandblast.
Nothing appears to happen.
The goblin hits you with a +0 dagger. The kobold hits you but does no damage.
Unknown command.
Casting: Sandblast (safe; 9% risk of failure)
Confirm with . or Enter, or press ? or * to list all spells.
You don't have enough magic to cast this spell.
Unknown command.
The goblin misses you. The goblin attacks as it pursues you!
The goblin misses you. The goblin attacks as it pursues you!
The goblin closely misses you. The kobold attacks as it pursues you!
The kobold hits you but does no damage.
You hit the kobold but do no damage.
The kobold is severely wounded.
The kobold hits you but does no damage.
You hit the kobold.
You kill the kobold!
Casting: Sandblast (safe; 9% risk of failure)
Confirm with . or Enter, or press ? or * to list all spells.
Aiming: Sandblast (safe; 9% risk of failure)
Press: ? - help, Shift-Dir - straight line, f - goblin
Aim: a goblin, wielding a +0 dagger (77% to hit)
The blast of sand misses the goblin.
The goblin completely misses you.
Your magical contamination has completely faded away.
Unknown command.
You miss the goblin. The goblin hits you but does no damage.
You barely miss the goblin. The goblin hits you but does no damage.
You hit the goblin.
You kill the goblin!
You have reached level 3!
Your experience leads to an increase in your attributes!
Increase (S)trength, (I)ntelligence, or (D)exterity?
You feel clever. x2; Your demonic ancestry asserts itself...
You begin to emit a foul stench of rot and decay.
Things that are here:
a +0 dagger; a goblin corpse You see here a +0 dagger.
Things that are here:
a +0 dagger; a goblin corpse
There is a staircase leading out of the dungeon here.
You have escaped!

#.....###.#...................#
#.....# #......................
#.....#####....................
#.....#P.............P#........
#.....#~P...........P~#........
#.....#≈~P.........P~≈#........
#.....#≈~~P.......P~~≈#.#####..
#.#...#≈≈~~P.....P~≈≈~#.#######
#.....#≈≈≈~~P.@.P~~~≈≈#.....##.
###...#≈≈≈≈P.....P~~≈≈#.....##.
#...#≈~≈P.......P~~~#.....##.
#...#~~P.........P~≈#.....##.
#...#~P...........P~#........
#####P.............P#.##.....
########..........##.....
################........##.....
#....##.....####...............


There were no monsters in sight!

Vanquished Creatures
  2 dart slugs (D:1)
  2 bats (D:1)
  A giant cockroach (D:1)
  2 goblins (D:1)
  2 hobgoblins (D:1)
  5 quokkas
  2 ball pythons (D:1)
  A frilled lizard (D:1)
  2 kobolds (D:1)
  5 rats (D:1)
24 creatures vanquished.

Notes
Turn   | Place    | Note
-------+----------+-------------------------------------------
     0 | D:1      | protoss039 the Demonspawn Earth Elementalist began the
                  | quest for the Orb.
     0 | D:1      | Reached XP level 1. HP: 13/13 MP: 3/3
   116 | D:1      | Gained mutation: You are partially covered in razor-sharp
                  | scales. (AC +1, Slay +1) [demonic ancestry]
   116 | D:1      | Reached XP level 2. HP: 20/20 MP: 1/5
   230 | D:1      | Reached skill level 1 in Fighting
   307 | D:1      | Reached skill level 3 in Earth Magic
   543 | D:1      | Found a faded altar of an unknown god.
   840 | D:1      | Learned a level 2 spell: Passwall
   863 | D:1      | Gained mutation: You may rarely emit foul miasma when
                  | damaged in melee. [demonic ancestry]
   863 | D:1      | Reached XP level 3. HP: 20/26 MP: 1/6
   878 | D:$      | Got out of the dungeon alive.

Illustrated notes

Levels and vault maps discovered:
D:1:      eino_arrival_druids_welcome, layout_basic,
          hellmonk_ecumenical_altar_leap_of_faith
D:2:      layout_rooms

Skill      XL: |  1  2 |
---------------+-------+-----
Fighting       | 1 |  1.4
Earth Magic    | 3 |  3.1
Dodging        | |  1.7
Stealth        | |  1.7
Spellcasting   | |  2.4
Transmutations | |  0.8

Action                     || total
---------------------------++-------
  Melee: Dagger            ||     5
         Club              ||     3
   Cast: Sandblast         ||    28
 Armour: Leather armour    ||    17
         Robe              ||     1
  Dodge: Dodged            ||     9

Table legend: (Time is in decaauts)
 A = Elapsed time spent in this place.
 B = Non-inter-level travel time spent in this place.
 C = Inter-level travel time spent in this place.
 D = Time resting spent in this place.
 E = Time spent auto-exploring this place.
 F = Levels seen in this place.
 G = Mean time per level.
                   A        B        C        D        E       F      G
               +--------+--------+--------+--------+--------+-----+--------+
         Total |    892 |    867 |     25 |      0 |    693 |   2 |  446.0 |
       Dungeon |    892 |    867 |     25 |      0 |    693 |   2 |  446.0 |
               +--------+--------+--------+--------+--------+-----+--------+

Top non-repeatable levels by time:
     D:1: 883 daAuts
     D:2: 8 daAuts
